 Dungeon Crawl Stone Soup version 0.30-a0-851-gbd0d260d8e (webtiles) character file.

Game seed: 7864779185472781698

11676 IndexError the Marksgargoyle (level 11, 0/71 HPs)
             Began as a Gargoyle Hunter on Mar 4, 2023.
             Was an Initiate of Hepliaklqana.
             Shot with a bolt by a yaktaur captain (32 damage)
             ... on level 10 of the Dungeon.
             The game lasted 00:22:16 (9297 turns).

IndexError the Marksgargoyle (Gargoyle Hunter)      Turns: 9297, Time: 00:22:16

Health: 0/71       AC: 16    Str: 15    XL:     11   Next: 81%
Magic:  11/11      EV: 10    Int: 10    God:    Hepliaklqana [......]
Gold:   538        SH: 12    Dex: 23    Spells: 10/10 levels left

rFire   . . .      SeeInvis .    a - +2 hand crossbow
rCold   + . .      Faith    .    z - +0 kite shield
rNeg    + . .      Spirit   .    D - +0 leather armour {rC+}
rPois   ∞          Reflect  .    (no helmet)
rElec   +          Rampage  .    (no cloak)
rCorr   .                        s - +1 pair of gloves
Will    .....                    k - +2 pair of boots
Stlth   ++                       (no amulet)
HPRegen 0.31/turn                m - +4 ring of slaying
MPRegen 0.12/turn                j - +6 ring of dexterity

@: no status effects
A: sickness immunity, AC +8, negative energy resistance 1, electricity
resistance, torment resistance 1, petrification resistance
a: Renounce Religion


You were on level 10 of the Dungeon.
You worshipped Hepliaklqana.
Hepliaklqana was noncommittal.
You visited 2 branches of the dungeon, and saw 11 of its levels.

You collected 590 gold pieces.
You spent 52 gold pieces at shops.

Inventory:

Hand Weapons
 a - a +2 hand crossbow (weapon)
   (You bought it in a shop on level 7 of the Dungeon)
 A - a +1 shortbow
Missiles
 B - a javelin
 C - 4 throwing nets {=f, !d}
Armour
 k - a +2 pair of boots (worn)
   (You found it on level 2 of the Dungeon)
 s - a +1 pair of gloves (worn)
   (You found it on level 7 of the Dungeon)
 z - a +0 kite shield (worn)
   (You took it off a gnoll sergeant on level 7 of the Dungeon)
 D - a +0 leather armour of cold resistance (worn)
   (You took it off an orc on level 8 of the Dungeon)
Jewellery
 j - a +6 ring of dexterity (right hand)
   (You found it on level 9 of the Dungeon)
 m - a +4 ring of slaying (left hand)
   (You found it on level 3 of the Dungeon)
 y - a ring of protection from fire {rF+, !d}
   (You found it on level 6 of the Dungeon)
Wands
 r - a wand of paralysis (3)
   (You found it on level 4 of the Dungeon)
 x - a wand of quicksilver (1)
   (You found it on level 9 of the Dungeon)
Scrolls
 b - 2 scrolls of immolation {!r}
 c - a scroll of amnesia
 i - 2 scrolls of teleportation
 o - 2 scrolls of poison
 F - a scroll of summoning {unknown}
 G - a scroll of blinking {!r}
Potions
 d - a potion of brilliance
 e - 3 potions of degeneration {unknown}
 f - a potion of invisibility {unknown}
 g - a potion of berserk rage {unknown}
 l - 3 potions of curing
 n - a potion of attraction {!q}
 p - 3 potions of heal wounds
 q - 2 potions of flight {unknown}
 t - a potion of resistance
 u - a potion of ambrosia
 v - 3 potions of might
 w - a potion of lignification {!q}
Miscellaneous
 E - a lightning rod (4/4)
   (You found it on level 9 of the Dungeon)


   Skills:
 + Level 9.5 Fighting
 * Level 15.4 Ranged Weapons
 - Level 1.5 Dodging
 - Level 1.1 Stealth
 - Level 7.1 Shields


You had 10 spell levels left.
You didn't know any spells.
Your spell library contained the following spells:

 Spells                   Type           Power      Damage    Failure   Level
 Apportation              Tloc           0%         N/A       77%         1
 Necrotise                Necr           0%         1d4       77%         1
 Summon Small Mammal      Summ           0%         N/A       77%         1
 Gell's Gravitas          Tloc           0%         N/A       98%         3
 Hailstorm                Conj/Ice       0%         3d3       98%         3
 Inner Flame              Hex/Fire       0%         N/A       98%         3
 Teleport Other           Tloc           0%         N/A       98%         3
 Tukima's Dance           Hex            0%         N/A       98%         3
 Vhi's Electric Charge    Tloc/Air       0%         N/A       98%         3
 Cause Fear               Hex            0%         N/A       100%        4
 Ice Form                 Ice/Tmut       0%         N/A       100%        4
 Passage of Golubria      Tloc           0%         N/A       100%        4
 Petrify                  Tmut/Erth      0%         N/A       100%        4
 Arcjolt                  Conj/Air       0%         1d10      100%        5
 Irradiate                Conj/Tmut      0%         3d11      100%        5
 Yara's Violent Unravell  Hex/Tmut       0%         3d3       100%        5
 Dispersal                Tloc           0%         N/A       100%        6
 Simulacrum               Ice/Necr       0%         N/A       100%        6
 Discord                  Hex            0%         N/A       100%        8
 Maxwell's Capacitive Co  Air            0%         ∞         100%        8
 Sublimation of Blood     Necr           Unusable   N/A       N/A         2

Dungeon Overview and Level Annotations

Branches:
Dungeon (10/15)            Temple (1/1) D:6
   Lair: D:8-11         Orc: D:9-12

Altars:
Ashenzari
Cheibriados
Dithmenos
Elyvilon
Fedhas
Gozag
Hepliaklqana
Kikubaaqudgha
Makhleb
Nemelex Xobeh
Okawaru
Qazlal
Ru
Sif Muna
Trog
Uskayaw
Vehumet
Wu Jian
Xom
Yredelemnul
Zin
The Shining One

Shops:
D:4 =   D:7 (


Innate Abilities, Weirdness & Mutations

You are immune to sickness and miasma.
Your stone body is resilient. (AC +8)
You are immune to poison.
You resist negative energy. (rN+)
You are resistant to electric shocks. (rElec)
You are resistant to unholy torment.
You are immune to petrification.


Message History

You take 16 damage, and have 20/71 hp.
MASSIVE DAMAGE!!
Fire: a) +2 hand crossbow
Press: ? - help, Q - select action, (/) - cycle Shift-Dir - straight line, f/p - cyclops
Aim: a cyclops, quivering large rocks (lightly wounded, 91% to hit)
You shoot a bolt. The bolt hits the cyclops!!
You block the cyclops's attack.
Fire: a) +2 hand crossbow
Press: ? - help, Q - select action, (/) - cycle Shift-Dir - straight line, f/p - cyclops
Aim: a cyclops, quivering large rocks (severely wounded, 91% to hit)
You shoot a bolt. The bolt hits the cyclops!!
Fire: a) +2 hand crossbow
Press: ? - help, Q - select action, (/) - cycle Shift-Dir - straight line, f - you That would be overly suicidal.
Okay, then.
A killer bee comes into view.
You regained 8 hp, and now have 29/71 hp.
Fire: a) +2 hand crossbow
Press: ? - help, Q - select action, (/) - cycle Shift-Dir - straight line, f - killer bee
Aim: a killer bee (wandering, hasn't noticed you, 60% to hit)
You shoot a bolt. The bolt closely misses the killer bee.
Fire: a) +2 hand crossbow
Press: ? - help, Q - select action, (/) - cycle Shift-Dir - straight line, f/p - killer bee
Aim: a killer bee (60% to hit)
You shoot a bolt. The bolt misses the killer bee.
You block the killer bee's attack.
Fire: a) +2 hand crossbow
Press: ? - help, Q - select action, (/) - cycle Shift-Dir - straight line, f/p - killer bee
Aim: a killer bee (60% to hit)
You shoot a bolt. The bolt closely misses the killer bee.
You hear an angry buzzing noise.
You block the killer bee's attack.
A killer bee comes into view.
The killer bee stings you.
The killer bee stings you but does no damage.
Fire: a) +2 hand crossbow
Press: ? - help, Q - select action, (/) - cycle Shift-Dir - straight line, f/p - killer bee
Aim: a killer bee (60% to hit)
You shoot a bolt. The bolt hits the killer bee!!
Fire: a) +2 hand crossbow
Press: ? - help, Q - select action, (/) - cycle Shift-Dir - straight line, f - killer bee
Aim: a killer bee (60% to hit)
You shoot a bolt. The bolt closely misses the killer bee.
You hear an angry buzzing noise. x2
A killer bee comes into view.
The killer bee stings you but does no damage.
A killer bee comes into view.
The killer bee stings you.
You hear an angry buzzing noise.
You take 2 damage, and have 27/71 hp.
Fire: a) +2 hand crossbow
Press: ? - help, Q - select action, (/) - cycle Shift-Dir - straight line, f/p - killer bee
Aim: a killer bee (60% to hit)
You shoot a bolt. The bolt hits the killer bee!!
A killer bee comes into view.
Fire: a) +2 hand crossbow
Press: ? - help, Q - select action, (/) - cycle Shift-Dir - straight line, f - killer bee
Aim: a killer bee (60% to hit)
You shoot a bolt. The bolt hits the killer bee!!
Fire: a) +2 hand crossbow
Press: ? - help, Q - select action, (/) - cycle Shift-Dir - straight line, f - killer bee
Aim: a killer bee (60% to hit)
You shoot a bolt. The bolt hits the killer bee!
You block the killer bee's attack. x2; The killer bee barely misses you.
Fire: a) +2 hand crossbow
Press: ? - help, Q - select action, (/) - cycle Shift-Dir - straight line, f/p - killer bee
Aim: a killer bee (severely wounded, 60% to hit)
You shoot a bolt. The bolt hits the killer bee!!
You block the killer bee's attack. The killer bee barely misses you. x2
Fire: a) +2 hand crossbow
Press: ? - help, Q - select action, (/) - cycle Shift-Dir - straight line, f - killer bee
Aim: a killer bee (60% to hit)
You shoot a bolt. The bolt hits the killer bee!!!
Fire: a) +2 hand crossbow
Press: ? - help, Q - select action, (/) - cycle Shift-Dir - straight line, f - you That would be overly suicidal.
Okay, then.
Fire: a) +2 hand crossbow
Press: ? - help, Q - select action, (/) - cycle Shift-Dir - straight line, f - you That would be overly suicidal.
Okay, then.
There is an open door, spattered with blood here.
Items here: ( ††††.
Things that are here:
a +0 dagger; a +0 robe; a human corpse
There is an open door, spattered with blood here.
A yaktaur captain comes into view.
It is wielding the +1 arbalest "Bahenicw" {penet, rF+ Int+4 Dex-3} and wearing the ring "Idiuleps" {Str+5 SInv}.
Health restored: 71 Fire: a) +2 hand crossbow
Press: ? - help, Q - select action, (/) - cycle Shift-Dir - straight line, f - yaktaur captain
Aim: a yaktaur captain, wielding the +1 arbalest "Bahenicw" {penet, rF+ Int+4 Dex-3} and wearing the ring "Idiuleps" {Str+5 SInv} (wandering, hasn't noticed you, 87% to hit)
You shoot a bolt. The bolt hits the yaktaur captain!!
The yaktaur captain shoots a bolt.
The bolt pierces through you!!!
Ouch! That really hurt!
You take 39 damage, and have 32/71 hp.
MASSIVE DAMAGE!!
Fire: a) +2 hand crossbow
Press: ? - help, Q - select action, (/) - cycle Shift-Dir - straight line, f/p - yaktaur captain
Aim: a yaktaur captain, wielding the +1 arbalest "Bahenicw" {penet, rF+ Int+4 Dex-3} and wearing the ring "Idiuleps" {Str+5 SInv} (heavily wounded, 87% to hit)
You shoot a bolt. The bolt hits the yaktaur captain.
The yaktaur captain shoots a bolt.
The bolt pierces through you!!
You die...

#.# #######.# #.# #. #.#
#.......# #.# #. #.# #.#######
#.#####. #.### #.# #.#.....
#...# #.####### ###.#### ###.#
#.#...#. #.# #.# #.#...c #.#
#.# #.#...# #.# #.# #.#..@#
#.# #.# #.##..# #.# ## #.#
####..#..### #.# .###.#
##.....#..#.## #.#
#.##.###.###..##.'..## #.#
...#.##.####.).#.#)..# #)#
.#...........#.####(########.#
...####.####...###.(.......#.#
#.## ##.###.....###.......).#


You could see a yaktaur captain.

Vanquished Creatures
  A centaur warrior (D:10)
  A two-headed ogre (D:10)
  A necromancer (D:10)
  A deep elf pyromancer (D:10)
  2 ugly things (D:10)
  A manticore (D:10)
  2 cyclopes (D:10)
  Psyche (D:8)
  A tengu conjurer (D:10)
  A troll (D:8)
  A hornet (D:9)
  Prince Ribbit (D:6)
  2 shadows (D:10)
  11 yaks
  A spriggan (shapeshifter) (D:9)
  A wyvern (D:7)
  2 steam dragons
  A vampire mosquito (D:10)
  Menkaure (D:4)
  An ice beast (D:5)
  A sky beast (D:4)
  An orc warrior (D:10)
  2 black bears
  3 ogres
  A centaur (D:6)
  A phantom (D:5)
  3 bullfrogs
  3 gnoll sergeants
  5 kobold brigands
  2 scorpions
  24 killer bees
  2 howler monkeys
  A crimson imp (D:4)
  2 jellies (D:7)
  2 hounds
  2 gnoll boudas
  3 orc priests
  A sleepcap (D:7)
  3 iguanas
  Natasha (twice) (D:4)
  6 orc wizards
  24 gnolls
  7 adders
  4 worms
  3 dart slugs
  35 orcs
  8 bats
  A bat zombie (D:9)
  3 endoplasms
  5 goblins
  3 hobgoblins
  6 jackals
  26 kobolds
  6 quokkas
  3 training dummies (D:7)
  4 ball pythons
  4 frilled lizards
  9 rats
  2 rat zombies (D:9)
257 creatures vanquished.

Notes
Turn   | Place    | Note
-------+----------+-------------------------------------------
     0 | D:1      | IndexError the Gargoyle Hunter began the quest for the Orb.
     0 | D:1      | Reached XP level 1. HP: 12/12 MP: 1/1
    92 | D:1      | Reached XP level 2. HP: 18/18 MP: 2/2
   294 | D:1      | Reached XP level 3. HP: 22/22 MP: 3/3
   325 | D:1      | Found a faded altar of an unknown god.
   852 | D:2      | Reached skill level 3 in Fighting
   906 | D:2      | Reached skill level 5 in Ranged Weapons
   950 | D:2      | Reached XP level 4. HP: 28/28 MP: 4/4
  1124 | D:2      | Found a hide-covered altar of Uskayaw.
  1144 | D:2      | HP: 5/28 [worm (4)]
  1875 | D:3      | Reached XP level 5. HP: 32/32 MP: 5/5
  2304 | D:4      | Noticed Menkaure
  2310 | D:4      | HP: 8/32 [??? (1)]
  2311 | D:4      | Killed Menkaure
  2312 | D:4      | Reached skill level 4 in Fighting
  2312 | D:4      | Reached skill level 6 in Ranged Weapons
  2312 | D:4      | Reached XP level 6. HP: 10/38 MP: 6/6
  2424 | D:4      | Found Hyhog's One-of-a-Kind Rings.
  2564 | D:4      | Found a snail-covered altar of Cheibriados.
  2565 | D:4      | Found an iron altar of Okawaru.
  2634 | D:4      | Noticed a sky beast
  2658 | D:4      | Killed a sky beast
  2773 | D:4      | Found a burning altar of Makhleb.
  2775 | D:4      | Found a radiant altar of Vehumet.
  2849 | D:4      | Noticed Natasha
  2853 | D:4      | Killed Natasha
  2958 | D:4      | Noticed Natasha
  2963 | D:4      | Killed Natasha
  2964 | D:4      | Reached skill level 7 in Ranged Weapons
  2964 | D:4      | Reached XP level 7. HP: 44/44 MP: 7/7
  3048 | D:5      | Entered Level 5 of the Dungeon
  3111 | D:5      | Reached skill level 5 in Fighting
  3480 | D:5      | Reached skill level 8 in Ranged Weapons
  3758 | D:5      | Reached XP level 8. HP: 50/51 MP: 8/8
  3821 | D:5      | Reached skill level 6 in Fighting
  4027 | D:6      | Found the +5 robe of Misfortune {Harm *Corrode *Slow EV+5}
  4126 | D:6      | Reached skill level 9 in Ranged Weapons
  4362 | D:6      | Noticed Prince Ribbit
  4381 | D:6      | Killed Prince Ribbit
  4382 | D:6      | Reached skill level 7 in Fighting
  4659 | D:6      | Reached skill level 10 in Ranged Weapons
  4659 | D:6      | Reached XP level 9. HP: 57/57 MP: 9/9
  4671 | D:6      | Found a stormy altar of Qazlal.
  4671 | D:6      | Found a glowing silver altar of Zin.
  4671 | D:6      | Found a broken altar of Ashenzari.
  4846 | D:6      | Found a staircase to the Ecumenical Temple.
  4856 | Temple   | Entered the Ecumenical Temple
  5072 | D:6      | Found a hide-covered altar of Uskayaw.
  5315 | D:7      | Reached skill level 8 in Fighting
  5518 | D:7      | Found Haykhir's Firing Range.
  5528 | D:7      | Bought a +0 hand crossbow for 52 gold pieces
  5642 | D:7      | Reached skill level 11 in Ranged Weapons
  6123 | D:7      | Reached skill level 1 in Shields
  6143 | D:8      | Noticed a troll
  6148 | D:8      | Killed a troll
  6159 | D:8      | Reached skill level 2 in Shields
  6374 | D:8      | Found a sparkling altar of Nemelex Xobeh.
  6374 | D:8      | Noticed Psyche
  6418 | D:8      | HP: 13/59 [black bear (3)]
  6424 | D:7      | Reached skill level 3 in Shields
  6617 | D:8      | Killed Psyche
  6618 | D:8      | Reached skill level 12 in Ranged Weapons
  6618 | D:8      | Reached XP level 10. HP: 33/64 MP: 10/10
  6987 | D:9      | Reached skill level 4 in Shields
  7173 | D:9      | Reached skill level 5 in Shields
  7179 | D:9      | Reached skill level 13 in Ranged Weapons
  7466 | D:9      | Found a shimmering altar of Xom.
  7467 | D:9      | Found a hazy altar of Hepliaklqana.
  7468 | D:9      | Noticed a spectral ugly thing
  7540 | D:9      | Became a worshipper of Hepliaklqana the Forgotten
  7645 | D:9      | Found an ancient bone altar of Kikubaaqudgha.
  7763 | D:10     | Entered Level 10 of the Dungeon
  7787 | D:10     | Reached skill level 6 in Shields
  7972 | D:10     | Reached XP level 11. HP: 26/68 MP: 11/11
  7973 | D:10     | HP: 14/68 [yak (13)]
  8334 | D:10     | Noticed a two-headed ogre
  8348 | D:10     | Killed a two-headed ogre
  8349 | D:10     | Reached skill level 14 in Ranged Weapons
  8366 | D:10     | Reached skill level 7 in Shields
  8680 | D:10     | Found a shadowy altar of Dithmenos.
  8819 | D:10     | Identified the +0 ring mail of Qazlal's Hatred {Rampage Fly
                  | Will+ Dex-4}
  8882 | D:10     | Noticed a purple ugly thing
  8882 | D:10     | Noticed a centaur warrior
  8895 | D:10     | Killed a purple ugly thing
  8898 | D:10     | Killed a centaur warrior
  8917 | D:10     | Noticed a manticore
  8919 | D:10     | Noticed a deep elf pyromancer
  8922 | D:10     | Killed a manticore
  8925 | D:10     | Killed a deep elf pyromancer
  8926 | D:10     | Reached skill level 9 in Fighting
  9096 | D:10     | Noticed a necromancer
  9102 | D:10     | Noticed a green ugly thing
  9102 | D:10     | Noticed a cyclops
  9103 | D:10     | Killed a necromancer
  9103 | D:10     | Noticed a cyclops
  9104 | D:10     | Reached skill level 15 in Ranged Weapons
  9109 | D:10     | Killed a green ugly thing
  9113 | D:10     | Killed a cyclops
  9116 | D:10     | Killed a cyclops
  9295 | D:10     | Identified the +1 arbalest "Bahenicw" {penet, rF+ Int+4
                  | Dex-3}
  9295 | D:10     | Identified the ring "Idiuleps" {Str+5 SInv}
  9295 | D:10     | Noticed a yaktaur captain
  9297 | D:10     | Shot with a bolt by a yaktaur captain

Illustrated notes

Levels and vault maps discovered:
D:1:      shiori_shiawase, layout_loops_ring, shapermc_ecumenical_altar_venn,
          minmay_shallow_snake_nest
D:2:      layout_basic, basic_altar
D:3:      layout_loops_ring, grunt_ministairs_14
D:4:      layout_cave_pools, grunt_temple_overflow_lords_of_destruction,
          gammafunk_temple_overflow_pools, corexii_item_surrounded_by_moat,
          nicolae_shop_unique_rings, uniq_menkaure, uniq_natasha
D:5:      layout_basic
D:6:      nicolae_cairo_tiling_large, layout_rooms,
          gammafunk_temple_overflow_claw, lemuel_round_altar,
          minmay_temple_entry_poolview, uniq_prince_ribbit1
D:7:      layout_rooms, nicolae_shop_firing_range
D:8:      layout_rooms, mainiacjoe_overflow_boulevard, uniq_psyche
D:9:      layout_roguey, regret_index_temple_of_mockery,
          lemuel_zombie_altar_kikubaaqudgha
D:10:     minmay_sliced_demisemicircle, layout_loops_ring,
          overflow_temple_1_default, grunt_ministairs_5
Temple:   hellmonk_temple_forest_ring

Skill      XL: |  1  2  3  4  5  6  7  8  9 10 11 |
---------------+----------------------------------+-----
Fighting       | 3 4 5 7 8 9 |  9.5
Ranged Weapons | 5 6 7 8 10 12 13 15 | 15.4
Shields        | 3 6 7 |  7.1
Dodging        | |  1.5
Stealth        | |  1.1

Action                     |  1- 3 |  4- 6 |  7- 9 | 10-12 || total
---------------------------+-------+-------+-------+-------++-------
   Fire: Shortbow          |   113 |   155 |   246 |       ||   514
         Hand crossbow     |       |       |    66 |   214 ||   280
    Use: Scroll            |       |       |    19 |     4 ||    23
         Potion            |       |       |       |     2 ||     2
 Armour: Leather armour    |    20 |    42 |    74 |    58 ||   194
         Skin              |       |       |       |     5 ||     5
  Dodge: Dodged            |    24 |    41 |    95 |    56 ||   216
  Block: Kite shield       |       |       |    20 |    99 ||   119

Table legend: (Time is in decaauts)
 A = Elapsed time spent in this place.
 B = Non-inter-level travel time spent in this place.
 C = Inter-level travel time spent in this place.
 D = Time resting spent in this place.
 E = Time spent auto-exploring this place.
 F = Levels seen in this place.
 G = Mean time per level.
                   A        B        C        D        E       F      G
               +--------+--------+--------+--------+--------+-----+--------+
         Total |   9513 |   8726 |    787 |      0 |   7141 |  11 |  864.8 |
       Dungeon |   9356 |   8579 |    777 |      0 |   7003 |  10 |  935.6 |
        Temple |    157 |    147 |     10 |      0 |    138 |   1 |  157.0 |
               +--------+--------+--------+--------+--------+-----+--------+

Top non-repeatable levels by time:
    D:10: 1441 daAuts
     D:6: 1195 daAuts
     D:9: 997 daAuts
     D:7: 967 daAuts
     D:5: 934 daAuts
     D:2: 878 daAuts
     D:1: 807 daAuts
     D:3: 780 daAuts
     D:4: 694 daAuts
     D:8: 658 daAuts
  Temple: 157 daAuts

Table legend:
 A = Kills in this place as a percentage of kills in the entire game.
 B = Kills by you in this place as a percentage of kills by you in the entire game.
 C = Kills by friends in this place as a percentage of kills by friends in the entire game.
 D = Other kills in this place as a percentage of other kills in the entire game.
 E = Experience gained in this place as a percentage of experience gained in the entire game.
 F = Experience gained in this place divided by the number of levels of this place that you have seen.
                   A       B       C       D       E      F
               +-------+-------+-------+-------+-------+----------------------
         Total | 100.0 | 100.0 |   N/A |   N/A | 100.0 | 1516.5
       Dungeon | 100.0 | 100.0 |   N/A |   N/A | 100.0 | 1668.1
               +-------+-------+-------+-------+-------+----------------------
